 Dungeon Crawl Stone Soup version 0.31-a0-640-g39d97e502b (webtiles) character file.

Game seed: 12111119411227607240

38 qw the Shooter (level 3, -4/22 HPs)
             Began as a Gargoyle Hunter on Aug 27, 2023.
             Slain by a gnoll
             ... wielding a +0 halberd
              (7 damage)
             ... on level 2 of the Dungeon.
             The game lasted 00:00:25 (865 turns).

qw the Shooter (Gargoyle Hunter)                     Turns: 865, Time: 00:00:25

Health: -4/22      AC:  6    Str: 14    XL:     3   Next: 43%
Magic:  3/3        EV:  6    Int:  9    God:
Gold:   101        SH:  0    Dex: 21    Spells: 2/2 levels left

rFire   . . .        Y - +0 shortbow
rCold   . . .        (shield currently unavailable)
rNeg    + . .        c - +0 leather armour
rPois   inf          (no helmet)
rElec   +            (no cloak)
rCorr   .            (no gloves)
SInv    .            (no boots)
Will    .....        k - amulet of faith
Stlth   ++           e - +6 ring of dexterity
HPRegen 0.23/turn    (no ring)
MPRegen 0.08/turn

%: faith
@: held
A: sickness immunity, AC +3, negative energy resistance 1, electricity
resistance, torment resistance 1, petrification resistance
a: no special abilities


You were on level 2 of the Dungeon.
You visited 1 branch of the dungeon, and saw 2 of its levels.

You collected 101 gold pieces.


Innate Abilities, Weirdness & Mutations

You are immune to sickness and miasma.
Your stone body is resilient. (AC +3)
You are immune to poison.
You resist negative energy. (rN+)
You are resistant to electric shocks. (rElec)
You are resistant to unholy torment.
You are immune to petrification.


   Skills:
 + Level 2.4 Fighting
 - Level 5.0 Ranged Weapons
 - Level 1.5 Dodging
 - Level 1.1 Stealth


You had 2 spell levels left.
You didn't know any spells.
Your spell library was empty.

Inventory:

Hand Weapons
 Y - a +0 shortbow (weapon)
Armour
 c - a +0 leather armour (worn)
 f - a +0 ring mail
Jewellery
 d - an amulet of regeneration
 e - a +6 ring of dexterity (left hand)
 k - an amulet of faith (around neck)
Scrolls
 a - a scroll of identify {unknown}
Potions
 b - a potion of degeneration {unknown}
 g - a potion of invisibility {unknown}
 j - a potion of haste {unknown}

Dungeon Overview and Level Annotations

Branches:
Dungeon (2/15)

Altars:
Ru


Message History

Enter note:
855 ||| Stepping ~*~*~tactically~*~*~ (retreating).
The frilled lizard hisses angrily.
You hear a shout!
The gnoll shouts!
Enter note:
Enter note:
Enter note: You shoot an arrow.
The arrow hits the gnoll.
The gnoll is heavily wounded.
The gnoll barely misses you.
The gnoll hits you with a staff of conjuration.
857 ||| Stepping ~*~*~tactically~*~*~ (retreating).
The gnoll hits you from afar with a +0 halberd.
Enter note:
Enter note:
Enter note:
858 ||| Stepping ~*~*~tactically~*~*~ (retreating).
The gnoll hits you from afar with a +0 halberd.
859 ||| Stepping ~*~*~tactically~*~*~ (retreating).
The gnoll attacks as it pursues you! The gnoll misses you.
Enter note:
Enter note:
Enter note:
860 ||| Stepping ~*~*~tactically~*~*~ (retreating).
The frilled lizard hisses.
Enter note:
Enter note:
Enter note:
861 ||| Stepping ~*~*~tactically~*~*~ (retreating).
You shoot an arrow. The arrow hits the gnoll.
The gnoll is moderately wounded.
The gnoll hits you but does no damage.
You shoot an arrow. The arrow closely misses the gnoll.
The gnoll hits you with a staff of conjuration. x2
You shoot an arrow. The arrow closely misses the gnoll.
The gnoll throws a throwing net.
The throwing net hits you.
You become entangled in the net!
The gnoll hits you but does no damage.
You tear a large gash into the net.
The frilled lizard barely misses you.
The gnoll hits you from afar with a +0 halberd!
You die...

##.........########.
##......##.#
########.......##.#
#..............##.#
.....%.........##.#
.........g.g..###.#
....>....g.ll.g.g....
.........g######.....
.........l@.# ..##
#...#...###...g......
######### #####.. #.


You could see 4 gnolls and a frilled lizard.

Vanquished Creatures
  An adder (D:2)
  7 ball pythons
  5 bats
  An endoplasm (D:1)
  4 giant cockroaches
  4 goblins
  A hobgoblin (D:1)
  2 kobolds (D:1)
  3 frilled lizards
  A rat (D:1)
29 creatures vanquished.

Notes
Turn   | Place    | Note
-------+----------+-------------------------------------------
     0 | D:1      | qw the Gargoyle Hunter began the quest for the Orb.
     0 | D:1      | Reached XP level 1. HP: 12/12 MP: 1/1
     0 | D:1      | 0 ||| qw: Version: 0.3-a-74-g0d5e918
     0 | D:1      | 0 ||| qw: Game counter: 134
     0 | D:1      | 0 ||| qw: Melee chars always use a shield: true
     0 | D:1      | 0 ||| qw: God list: Okawaru
     0 | D:1      | 0 ||| qw: Allow faded altars: false
     0 | D:1      | 0 ||| qw: Do Orc after clearing Dungeon:15 true
     0 | D:1      | 0 ||| qw: Do second Lair branch before Depths: true
     0 | D:1      | 0 ||| qw: Lair rune preference: random
     0 | D:1      | 0 ||| qw: Goals: Normal
     0 | D:1      | 0 ||| PLANNING D:1-11
   115 | D:1      | Reached XP level 2. HP: 17/17 MP: 2/2
   533 | D:1      | 533 ||| UPGRADING to amulet of regeneration.
   538 | D:1      | 538 ||| UPGRADING to amulet of faith.
   548 | D:1      | 548 ||| UPGRADING to +6 ring of dexterity.
   549 | D:1      | 549 ||| READING scroll labelled UBAUVV BASTRUCYAS.
   550 | D:1      | 550 ||| READING scroll labelled ZEPIMI SOKEY.
   551 | D:1      | 551 ||| READING scroll labelled TOAMISCH YCIOC.
   552 | D:1      | 552 ||| DRINKING 2 glowing clear potions.
   583 | D:1      | 583 ||| DROPPING scroll of butterflies.
   584 | D:1      | 584 ||| DROPPING potion of lignification.
   627 | D:2      | Reached skill level 5 in Ranged Weapons
   627 | D:2      | Reached XP level 3. HP: 21/21 MP: 3/3
   704 | D:2      | Found a sacrificial altar of Ru.
   849 | D:2      | 849 ||| RETREATING.
   855 | D:2      | 855 ||| Stepping ~*~*~tactically~*~*~ (retreating).
   857 | D:2      | 857 ||| Stepping ~*~*~tactically~*~*~ (retreating).
   858 | D:2      | 858 ||| Stepping ~*~*~tactically~*~*~ (retreating).
   859 | D:2      | 859 ||| Stepping ~*~*~tactically~*~*~ (retreating).
   860 | D:2      | 860 ||| Stepping ~*~*~tactically~*~*~ (retreating).
   861 | D:2      | 861 ||| Stepping ~*~*~tactically~*~*~ (retreating).
   863 | D:2      | HP: 3/22 [gnoll/staff of conjuration (5)]
   865 | D:2      | Slain by a gnoll

Levels and vault maps discovered:
D:1:      kennysheep_arrival_seaside, layout_basic
D:2:      layout_rooms, basic_altar, minivault_19, due_unseen_surprise

Skill      XL: |  1  2 |
---------------+-------+-----
Ranged Weapons | 5 |  5.0
Fighting       | |  2.4
Dodging        | |  1.5
Stealth        | |  1.1

Action                     || total
---------------------------++-------
   Fire: Shortbow          ||    59
    Use: Scroll            ||     3
         Potion            ||     1
 Armour: Leather armour    ||     6
  Dodge: Dodged            ||     9

Table legend:
 A = Non-vault XP
 B = Vault XP
 C = Vault XP percentage of total XP
 D = Non-vault monster count
 E = Vault monster count
 F = Vault count percentage of total count
                 A         B        C        D         E       F
            +---------+---------+-------+---------+---------+-------
      Total |      55 |       0 |   0.0 |      29 |       0 |   0.0
            +---------+---------+-------+---------+---------+-------
        D:1 |      33 |       0 |   0.0 |      22 |       0 |   0.0
        D:2 |      22 |       0 |   0.0 |       7 |       0 |   0.0
            +---------+---------+-------+---------+---------+-------
